 Dungeon Crawl Stone Soup version 0.32-a0-329-ge6c31236d6 (webtiles) character file.

Game seed: 4716653825738447317

377 Xavori the Trooper (level 7, -7/52 HPs)
             Began as a Djinni Chaos Knight on Feb 17, 2024.
             Was a Plaything of Xom.
             Mangled by an ogre
             ... wielding a +0 giant club
              (18 damage)
             ... on level 4 of the Dungeon.
             The game lasted 00:04:08 (11545 turns).

Xavori the Trooper (Djinni Chaos Knight)           Turns: 11545, Time: 00:04:08

Health: -7/52      AC:  6    Str: 11    XL:     7   Next: 4%
Gold:   258        EV: 12    Int: 16    God:    Xom [*.....] SH:  9 Dex: 12

rFire   + + .        a - +0 falchion (chaos)
rCold   . . .        (no shield)
rNeg    . . .        b - +2 leather armour
rPois   ∞            (helmet restricted)
rElec   +            (no cloak)
rCorr   .            j - +0 pair of gloves
SInv    .            (boots unavailable)
Will    +....        f - amulet of reflection
Stlth   +            k - ring of willpower
HPRegen 0.28/turn    u - ring of protection from cold
MPRegen 0.00/turn

%: reflection, clarity, infuse magic (-8 HP)
@: flying
A: sickness immunity, fire resistance 2, cold vulnerability 1, float, innate
caster, HP casting, extra vitality 1, horns 1, large bone plates 1, clarity,
mutation resistance 1, electricity resistance
a: Renounce Religion


You were on level 4 of the Dungeon.
You worshipped Xom.
You were a special plaything of Xom.
You visited 1 branch of the dungeon, and saw 4 of its levels.

You collected 258 gold pieces.

Inventory:

Hand Weapons
 a - a +0 falchion of chaos (weapon)
Armour
 b - a +2 leather armour (worn)
 j - a +0 pair of gloves (worn)
Jewellery
 f - an amulet of reflection (around neck)
 k - a ring of willpower (left hand)
 u - a ring of protection from cold (right hand)
Scrolls
 c - a scroll of butterflies
 h - a scroll of fog {unknown}
 l - a scroll of identify {unknown}
 m - 3 scrolls of teleportation {unknown}
 n - a scroll of immolation {unknown}
 o - 2 scrolls of vulnerability {unknown}
 p - a scroll of poison {unknown}
 q - a scroll of amnesia {unknown}
 t - a scroll of revelation {unknown}
 v - a scroll of acquirement {unknown}
 w - a scroll of fear {unknown}
Potions
 d - 2 potions of heal wounds {unknown}
 e - a potion of enlightenment {unknown}
 g - 2 potions of lignification {unknown}
 i - 4 potions of curing {unknown}
 r - 2 potions of degeneration {unknown}
 s - 2 potions of brilliance {unknown}
 x - 2 potions of attraction


   Skills:
 + Level 4.0 Fighting
 + Level 3.6 Long Blades
 + Level 2.6 Armour
 + Level 3.5 Dodging
 * Level 2.8 Spellcasting
 * Level 2.8 Conjurations
 * Level 2.8 Hexes
   Level 0.0 Charms
 * Level 2.8 Summonings
 * Level 2.8 Necromancy
 * Level 2.8 Translocations
   Level 0.0 Transmutations
 * Level 2.8 Fire Magic
 * Level 2.8 Ice Magic
 * Level 2.8 Air Magic
 * Level 2.8 Earth Magic
 * Level 2.8 Alchemy


You knew the following spells:

 Your Spells              Type           Power      Damage    Failure   Level
a - Summon Small Mammal   Summ           44%        N/A       8%          1
b - Call Imp              Summ           22%        N/A       12%         2
c - Dazzling Flash        Conj/Hex       22%        N/A       24%         3
Your spell library was empty.

Dungeon Overview and Level Annotations

Branches:
Dungeon (4/15)             Temple (0/1) D:4

Altars:
Ashenzari
Cheibriados
Trog
Xom
Zin

Shops:
D:3 *


Innate Abilities, Weirdness & Mutations

You are immune to sickness and miasma.
You are immune to poison.
Your flesh is very heat resistant. (rF++)
You are vulnerable to cold. (rC-)
You float through the air rather than walking.
You learn spells naturally, not from books.
Your magical power is your life essence.
You have superior vitality. (+4 MHP)
You have a pair of small horns on your head.
You are partially covered in large bone plates. (SH +4)
You possess an exceptional clarity of mind.
You are somewhat resistant to further mutation.
You are resistant to electric shocks. (rElec)


Message History

You slash the goblin!
You kill the goblin!
A goblin comes into view. It is wielding a +0 club.
Your cerulean imp hits the ogre but does no damage.
Casting: Call Imp (safe; 12% risk of failure)
Confirm with . or Enter, or press ? or * to list all spells.
Casting: Dazzling Flash (dangerous; 24% risk of failure)
Press: ? - help, Dir - look around, f - activate
Okay, then.
You completely miss the ogre.
The ogre hits you with a +0 giant club!!
Your cerulean imp hits the ogre from afar with a -3 spear.
You hit the ogre. You freeze the ogre.
The ogre is moderately wounded.
Your cerulean imp hits the ogre from afar with a -3 spear.
The ogre hits you with a +0 giant club!!
* * * LOW HITPOINT WARNING * * *
A shower of butterflies erupts from you!
You swap places.
Your cerulean imp hits the ogre with a -3 spear.
The ogre barely misses your cerulean imp.
Your cerulean imp closely misses the ogre.
Your cerulean imp hits the ogre with a -3 spear.
The ogre closely misses your cerulean imp.
Your cerulean imp hits the ogre but does no damage.
The ogre hits your cerulean imp with a +0 giant club!!
Your cerulean imp dies!
Your cerulean imp disappears in a puff of smoke!
The ogre barely misses your butterfly.
Found a scroll labelled YNIRAO GUMEUGG.
The goblin misses your butterfly.
Your butterfly degenerates into a cloud of primal chaos! "Over there now!"
The goblin blinks!
The ogre blinks!
The goblin attacks as it pursues you! The goblin hits you with a +0 club.
* * * LOW HITPOINT WARNING * * *
The ogre attacks as it pursues you!
The ogre hits you with a +0 giant club!!
You die...
Xom is highly amused!

##...#. .... .....#..#... ###
###....#........##
##.###...........# .... #
#..#.##...##.....##..# #
####.....#....#.........# #
####..#.....#.g......#.....###
####............@O.....##.......#
..#............#...#...g...##..#?
..............##.⌠.##.........##.
.............##.....##..##.......
............##..#.#..##.##§......
...............##.##......b##....
..............##...##.......#....
............⌠....>....⌠.#......g.
.........#....##...##........#..g


You could see an ogre and 2 goblins.

Vanquished Creatures
  A centaur (D:4)
  A bombardier beetle (D:4)
  A hound (D:4)
  An orc priest (D:4)
  An iguana (D:4)
  3 adders
  2 ribbon worms
  A dart slug (D:2)
  6 orcs
  8 bats
  7 endoplasms
  5 giant cockroaches
  11 goblins
  9 hobgoblins
  3 jackals (D:1)
  6 kobolds
  3 quokkas
  5 ball pythons
  5 frilled lizards
  3 rats (D:1)
82 creatures vanquished.

Notes
Turn   | Place    | Note
-------+----------+-------------------------------------------
     0 | D:1      | Xavori the Djinni Chaos Knight began the quest for the Orb.
     0 | D:1      | Reached XP level 1. HP: 20/20 MP: 0/0
    81 | D:1      | Reached XP level 2. HP: 22/25 MP: 0/0
   164 | D:1      | XOM: potion effect (heal wounds)
   179 | D:1      | Reached XP level 3. HP: 24/30 MP: 0/0
   179 | D:1      | Learned a level 1 spell: Summon Small Mammal
   209 | D:1      | XOM: potion effect (might)
   215 | D:1      | Reached skill level 1 in Spellcasting
   215 | D:1      | Reached skill level 1 in Conjurations
   215 | D:1      | Reached skill level 1 in Hexes
   215 | D:1      | Reached skill level 1 in Summonings
   215 | D:1      | Reached skill level 1 in Necromancy
   215 | D:1      | Reached skill level 1 in Translocations
   215 | D:1      | Reached skill level 1 in Fire Magic
   215 | D:1      | Reached skill level 1 in Ice Magic
   215 | D:1      | Reached skill level 1 in Air Magic
   215 | D:1      | Reached skill level 1 in Earth Magic
   215 | D:1      | Reached skill level 1 in Alchemy
   370 | D:1      | XOM: silly message
   598 | D:1      | Reached XP level 4. HP: 35/35 MP: 0/0
   849 | D:1      | XOM: silly message
  1126 | D:1      | XOM: give mutations
  1126 | D:1      | Gained mutation: Your spells are a little harder to cast,
                  | but a little more powerful. [Xom's mischief]
  1126 | D:1      | Gained mutation: You are dopey. (Int -2) [Xom's mischief]
  1389 | D:1      | XOM is BORED!
  1389 | D:1      | XOM: torment (19/35 hp)
  1419 | D:1      | XOM: divination: detect items
  1477 | D:1      | XOM: give mutation
  1477 | D:1      | Gained mutation: You are resistant to electric shocks.
                  | (rElec) [Xom's grace]
  2036 | D:1      | XOM: scenery: create altars
  2084 | D:1      | XOM: god gift: 55 gold pieces
  2101 | D:1      | XOM: divination: detect items
  2417 | D:1      | XOM: give mutation
  2417 | D:1      | Gained mutation: You sometimes lose your temper in combat.
                  | [Xom's mischief]
  2455 | D:1      | XOM: give mutations
  2455 | D:1      | Gained mutation: Your flesh is almost immune to the effects
                  | of heat. (rF+++) [Xom's mischief]
  2455 | D:1      | Lost mutation: You are dopey. (Int -2) [Xom's mischief]
  2864 | D:1      | XOM: noise
  3022 | D:1      | XOM: summons 1 hostile demon
  3292 | D:1      | XOM is BORED!
  4532 | D:1      | XOM: summons 3 hostile demons
  4533 | D:1      | Noticed a red devil
  4533 | D:1      | Noticed a neqoxec
  5567 | D:1      | XOM is BORED!
  5567 | D:1      | XOM: silly message
  5681 | D:1      | XOM: summons 3 hostile demons
  5682 | D:1      | Noticed a smoke demon
  6296 | D:1      | XOM is BORED!
  6296 | D:1      | XOM: give mutations
  6296 | D:1      | Gained mutation: You have a pair of small horns on your
                  | head. [Xom's mischief]
  6296 | D:1      | Lost mutation: Your flesh is almost immune to the effects
                  | of heat. (rF+++) [Xom's mischief]
  6444 | D:1      | XOM: noise
  6718 | D:2      | Found a faded altar of an unknown god.
  6718 | D:2      | XOM: 9-stop teleportation journey
  7340 | D:1      | XOM: silly message
  7355 | D:1      | XOM: silly message
  7833 | D:1      | XOM: noise
  8338 | D:1      | XOM is BORED!
  8338 | D:1      | XOM: silly message
  8900 | D:1      | XOM: god gift: green potion {god gift}
  9022 | D:1      | XOM: give mutations
  9022 | D:1      | Lost mutation: You sometimes lose your temper in combat.
                  | [Xom's mischief]
  9022 | D:1      | Lost mutation: Your spells are a little harder to cast, but
                  | a little more powerful. [Xom's mischief]
  9022 | D:1      | Lost mutation: You have a pair of small horns on your head.
                  | [Xom's mischief]
  9022 | D:1      | Gained mutation: You have a pair of small horns on your
                  | head. [Xom's mischief]
  9103 | D:1      | XOM: summons 3 hostile demons
  9572 | D:1      | XOM is BORED!
  9572 | D:1      | XOM: noise
  9686 | D:1      | XOM: god gift: bubbling pink potion {god gift}
 10007 | D:1      | XOM: give mutations
 10007 | D:1      | Gained mutation: You are partially covered in large bone
                  | plates. (SH +4) [Xom's grace]
 10007 | D:1      | Gained mutation: You possess an exceptional clarity of
                  | mind. [Xom's grace]
 10007 | D:1      | Gained mutation: You are somewhat resistant to further
                  | mutation. [Xom's grace]
 10251 | D:3      | Reached XP level 5. HP: 34/40 MP: 0/0
 10251 | D:3      | Learned a level 2 spell: Call Imp
 10663 | D:3      | Found a bloodstained altar of Trog.
 10687 | D:3      | Found Zin's Purification Station.
 10691 | D:3      | Found a glowing silver altar of Zin.
 11136 | D:4      | Reached XP level 6. HP: 36/46 MP: 0/0
 11196 | D:4      | Found a staircase to the Ecumenical Temple.
 11256 | D:4      | Found a snail-covered altar of Cheibriados.
 11310 | D:4      | Found a broken altar of Ashenzari.
 11357 | D:4      | XOM: enchant monster (good)
 11366 | D:4      | XOM: chaos upgrade
 11370 | D:4      | Reached XP level 7. HP: 27/51 MP: 0/0
 11370 | D:4      | Learned a level 3 spell: Dazzling Flash
 11372 | D:4      | Reached skill level 4 in Fighting
 11516 | D:4      | XOM: butterfly on damage
 11544 | D:4      | XOM: blink monster(s)
 11545 | D:4      | Mangled by an ogre

Illustrated notes

Levels and vault maps discovered:
D:1:      lemuel_arrival_cross, layout_basic
D:2:      layout_rooms, shapermc_ecumenical_altar_gd
D:3:      layout_loops_corners, zin_purify, trog_three_pillars_becter,
          grunt_ministairs_11
D:4:      layout_cave_pools, slow_altar_1, mainiacjoe_overflow_alcove_1,
          minmay_temple_entry_waves, minmay_ogre_servants

Skill      XL: |  1  2  3  4  5  6  7 |
---------------+----------------------+-----
Spellcasting   | 1 2 |  2.8
Conjurations   | 1 2 |  2.8
Hexes          | 1 2 |  2.8
Summonings     | 1 2 |  2.8
Necromancy     | 1 2 |  2.8
Translocations | 1 2 |  2.8
Fire Magic     | 1 2 |  2.8
Ice Magic      | 1 2 |  2.8
Air Magic      | 1 2 |  2.8
Earth Magic    | 1 2 |  2.8
Alchemy        | 1 2 |  2.8
Long Blades    | 3 |  3.6
Armour         | 2 |  2.6
Dodging        | 3 |  3.5
Fighting       | 4 |  4.0

Action                     |  1- 3 |  4- 6 |  7- 9 || total
---------------------------+-------+-------+-------++-------
  Melee: Falchion          |    69 |   157 |    13 ||   239
         Headbutt          |       |    20 |     1 ||    21
   Cast: Call Imp          |       |     1 |     1 ||     2
    Use: Potion            |       |     1 |       ||     1
   Stab: Paralysed         |       |     3 |       ||     3
 Armour: Leather armour    |    54 |    92 |    10 ||   156
  Dodge: Dodged            |    68 |   113 |     3 ||   184
  Block: Other             |     5 |    64 |     4 ||    73
         Reflection        |       |     2 |       ||     2

Table legend: (Time is in decaauts)
 A = Elapsed time spent in this place.
 B = Non-inter-level travel time spent in this place.
 C = Inter-level travel time spent in this place.
 D = Time resting spent in this place.
 E = Time spent auto-exploring this place.
 F = Levels seen in this place.
 G = Mean time per level.
                   A        B        C        D        E       F      G
               +--------+--------+--------+--------+--------+-----+--------+
         Total |  11593 |  11473 |    120 |   8965 |   1886 |   4 | 2898.2 |
       Dungeon |  11593 |  11473 |    120 |   8965 |   1886 |   4 | 2898.2 |
               +--------+--------+--------+--------+--------+-----+--------+

Top non-repeatable levels by time:
     D:1: 8639 daAuts
     D:2: 1517 daAuts
     D:3: 998 daAuts
     D:4: 438 daAuts
